Map: Dash and Terminal LE (Void)

Players

wabbajack - Winner!

  • Race: Zerg Zerg
  • League: Grandmaster

Boezzz

  • Race: Zerg Zerg

VOD

Have the link to the VOD?

Description

Time

  • Played on: July 15, 2015, 11:57 a.m.
  • Length: 6:07
Show
View Real Time Build Order
Export as new Build Order

wabbajack Zerg - Winner!

Build Orders: Hatch First 

Get SALT Encoding   

  12  0:01  Drone  
  13  0:13  Overlord  
  13  0:18  Drone  
  14  0:28  Extractor  
  14  0:29  Drone  
  14  0:33  Drone  
  16  0:37  Drone  
  17  0:58  Hatchery  
  17  1:02  Drone  
  17  1:04  Drone  
  18  1:07  Extractor  
  18  1:09  Drone  
  18  1:18  Drone  
  18  1:23  Spawning Pool  
  18  1:32  Drone  
  19  1:40  Drone  
  20  1:50  Overlord  
  20  2:05  Drone  
  21  2:12  Queen  
  21  2:13  Queen  
  21  2:15  Metabolic Boost  
  25  2:19  Zergling x4  
  25  2:22  Drone  
  28  2:25  Drone  
  29  2:40  Overlord  
  29  2:42  Drone  
  30  2:48  Queen  
  32  2:54  Roach Warren  
  32  2:55  Extractor  
  30  3:03  Spine Crawler  
  29  3:06  Drone x3  
  32  3:13  Overlord x2  
  32  3:32  Drone x2  
  34  3:40  Roach  
  34  3:41  Roach x4  
  44  3:54  Roach x2  
  44  3:55  Roach  
  50  4:00  Roach  
  50  4:01  Roach  
  54  4:10  Roach x2  
  54  4:12  Roach  
  51  4:43  Overlord  
  51  4:44  Overlord  
  51  4:49  Zergling x2  
  51  4:50  Zergling x14  
  58  5:18  Zergling x2  
  58  5:19  Zergling x22  
  62  5:29  Ravager x4  
  62  5:30  Ravager x2  
  62  5:31  Zergling x2  
Show
View Real Time Build Order
Export as new Build Order

Boezzz Zerg 

Build Orders: Pool First, Zergling Baneling 

Get SALT Encoding   

  12  0:01  Drone  
  13  0:08  Drone  
  14  0:18  Overlord  
  14  0:36  Drone  
  14  0:37  Drone  
  16  0:42  Spawning Pool  
  16  0:45  Drone  
  16  0:50  Extractor  
  16  0:52  Drone  
  16  1:10  Drone x2  
  18  1:30  Hatchery  
  17  1:38  Queen  
  19  1:47  Drone x2  
  21  1:54  Metabolic Boost  
  21  1:57  Zergling x2  
  22  2:09  Overlord  
  22  2:34  Baneling Nest, Zergling x6  
  24  2:42  Queen  
  24  2:43  Zergling x2  
  27  2:55  Zergling x8  
  31  3:04  Drone x2  
  33  3:11  Zergling x4  
  35  3:25  Zergling x2  
  35  3:26  Overlord  
  36  3:33  Spine Crawler  
  35  3:47  Baneling x3  
  35  3:48  Baneling  
  35  3:52  Zergling x6  
  35  3:53  Zergling x6  
  30  4:30  Zergling x8  
  31  4:37  Zergling x12  
  31  4:38  Zergling x2  
  37  4:42  Lair  
  37  4:51  Baneling x4  
  37  4:52  Drone x2  
  39  5:04  Overlord  
  39  5:06  Overlord  
  28  5:24  Zergling x4  
  28  5:25  Zergling x6  
  28  5:33  Zergling x2  
  28  5:34  Zergling x6  
  32  5:42  Spine Crawler  
Tags
 
Add a new tag
Caveats
  • Supply blocks, unpowered buildings, or Contaminate may cause inaccurate times.
  • Supply counts are checked every 10 seconds.